 Dungeon Crawl Stone Soup version 0.20-a0-77-g476458c (webtiles) character file.

4091 KristoblXynda the Carver (level 10, 0/109 HPs)
             Began as a Purple Draconian Skald on Nov 19, 2016.
             Was a Believer of Qazlal.
             Killed from afar by Psyche (9 damage)
             ... with a puff of frost
             ... on level 9 of the Dungeon.
             The game lasted 00:23:46 (10308 turns).

KristoblXynda the Carver (Purple Draconian Skald)  Turns: 10308, Time: 00:23:47

Health: 0/109      AC: 25    Str: 14    XL:     10   Next: 5%
Magic:  8/13       EV:  2    Int: 17    God:    Qazlal [**....]
Gold:   249        SH:  3    Dex: 10    Spells: 2 memorised, 7 levels left

rFire  . . .     SeeInvis +     p - +5 scimitar (vamp)
rCold  . . .     Gourm    .     (armour unavailable)
rNeg   + + +     Faith    .     (no shield)
rPois  +         Spirit   .     (helmet currently unavailable)
rElec  .         Reflect  .     (cloak currently unavailable)
rCorr  .         Harm     .     (gloves currently unavailable)
MR     ++...     Clarity  +     (boots currently unavailable)
Stlth  +......... NoTele   +    (no amulet)
                                j - ring of protection from magic
                                m - ring of see invisible

@: tree-form
A: (breathe power), unfitting armour, clarity, mutation resistance 1,
(cold-blooded), AC +7
a: Upheaval, Renounce Religion


You were on level 9 of the Dungeon.
You worshipped Qazlal.
Qazlal was pleased with you.
You were not hungry.
You were a tree.
You visited 2 branches of the dungeon, and saw 10 of its levels.

You collected 489 gold pieces.
You spent 240 gold pieces at shops.

Inventory:

Hand Weapons
 p - a +5 vampiric scimitar (weapon)
Armour
 l - the +3 robe of Folly {Archmagi, MR-- Int+5}
   (You found it on level 5 of the Dungeon)

   It affects your intelligence (+5).
   It affects your resistance to hostile enchantments.
 s - a +1 pair of gloves (melded)
 w - a +0 cloak of poison resistance (melded)
Jewellery
 j - a ring of protection from magic (right branch)
 m - a ring of see invisible (left branch)
 z - an uncursed ring of resist corrosion
Wands
 r - a wand of hasting (3/9)
 x - a wand of disintegration (9/24)
Scrolls
 a - a scroll of identify
 e - a scroll of fog
 f - 2 scrolls of amnesia
 g - 3 scrolls of remove curse
 k - a scroll of immolation
Potions
 h - 3 potions of magic
 i - 2 potions of agility
Books
 b - a book of Battle

   Spells                             Type                      Level
   a - Infusion                       Charms                       1
   b - Shroud of Golubria             Charms/Translocation         2
   c - Song of Slaying                Charms                       2
   d - Spectral Weapon                Hexes/Charms                 3
   e - Regeneration                   Charms/Necromancy            3
 o - a book of Misfortune

   Spells                             Type                      Level
   a - Confusing Touch                Hexes                        1
   b - Confuse                        Hexes                        3
   c - Gell's Gravitas                Hexes/Translocation          3
   d - Petrify                        Transmutation/Earth          4
   e - Metabolic Englaciation         Hexes/Ice                    5
   f - Yara's Violent Unravelling     Hexes/Transmutation          5
 v - a book of Party Tricks

   Spells                             Type                      Level
   a - Summon Butterflies             Summoning                    1
   b - Apportation                    Translocation                1
   c - Lesser Beckoning               Translocation                3
   d - Tukima's Dance                 Hexes                        3
   e - Alistair's Intoxication        Transmutation/Poison         5
   f - Invisibility                   Hexes                        6
Comestibles
 c - 4 bread rations
 d - 7 chunks of flesh
 n - 4 meat rations
 q - 10 fruits


   Skills:
 - Level 2.1 Fighting
 + Level 8.8 Long Blades
 + Level 7.8 Dodging
 - Level 2.4 Spellcasting
 - Level 4.3 Hexes
 - Level 4.8 Charms
 - Level 5.6 Necromancy
 + Level 2.5 Invocations


You had 7 spell levels left.
You knew the following spells:

 Your Spells              Type           Power        Failure   Level  Hunger
a - Regeneration          Chrm/Necr      ###.......   10%         3    ###....
b - Spectral Weapon       Hex/Chrm       ###.....     10%         3    ###....


Dungeon Overview and Level Annotations

Branches:
Dungeon (9/15)             Temple (1/1) D:6             Orc (0/2) D:9
   Lair: D:8-11

Altars:
Ashenzari
Cheibriados
Dithmenos
Elyvilon
Fedhas
Gozag
Hepliaklqana
Kikubaaqudgha
Makhleb
Nemelex Xobeh
Okawaru
Qazlal
Ru
Sif Muna
Trog
Uskayaw
Vehumet
Xom
Yredelemnul
Zin
The Shining One
Beogh

Shops:
D:6 *   D:7 (

Annotations:
D:5 Prince Ribbit
D:9 Psyche


Innate Abilities, Weirdness & Mutations

((You can breathe bolts of dispelling energy.))
((Your rich purple scales are hard. (AC +7)))
You cannot fit into any form of body armour.
((You are cold-blooded and may be slowed by cold attacks.))
You possess an exceptional clarity of mind.
You are somewhat resistant to further mutation.


Message History

Psyche hits you but does no damage.
You are electrocuted!
* * * LOW HITPOINT WARNING * * *
Psyche hits you but does no damage.
There is an open door here.
Psyche casts a spell at you. The puff of flame hits you!
* * * LOW HITPOINT WARNING * * *
You turn into a tree.
Your +0 cloak of poison resistance melds into your body.
Your +1 pair of gloves melds into your body.
Your roots penetrate the ground.
You block Psyche's attack. Psyche gestures at you while chanting.
The magic dart hits you!
Okay, then.
Unknown command.
You hit Psyche.
You feel better.
Psyche is lightly wounded.
Psyche gestures at you while chanting. The puff of frost hits you!
You die...

.#. .'.. #... ###############
#....######.##..#........
#....'...#......#........ .#..
#...#......#........ .'...
#...'..>.[[#........
#.#....###@#...†))#).......
##.##+#....♣#8...8#..#'#####
#.....#.....###'###).#...
+.....#....<#.....#..#.....
#.....#.....#.....#..#......
#.... #.....#.._..#..#......
#..###.....#.....#..#######
##+###.o#....#'##.....#.........
......oo#....'..#######.........
...>....'o...# +...........


You could see Psyche.

Vanquished Creatures
  Grinder (D:6)
  A troll (D:9)
  A two-headed ogre (D:8)
  A water moccasin (D:9)
  2 orc warriors
  2 sky beasts
  A necrophage (D:8)
  A centaur (D:7)
  4 ogres
  Blork the orc (D:5)
  A big kobold (D:7)
  5 bullfrogs
  A wyvern zombie (D:9)
  3 scorpions
  5 killer bees (D:9)
  4 wights (D:6)
  2 howler monkeys
  4 crimson imps
  2 hounds
  2 bullfrog skeletons (D:5)
  A bullfrog zombie (D:6)
  2 jellies
  5 orc priests
  A centaur skeleton (D:6)
  Natasha (thrice) (D:3)
  2 iguanas
  5 orc wizards
  Terence (D:3)
  8 worker ants
  A hound skeleton (D:6)
  A worker ant zombie (D:3)
  2 howler monkey skeletons
  17 adders
  3 gnolls (D:5)
  3 shadow imps
  2 oozes
  2 adder zombies
  2 worms
  A dart slug (D:1)
  6 leopard geckos
  27 orcs
  9 goblins
  3 hobgoblins (D:1)
  10 jackals
  6 quokkas
  3 ball pythons
  9 bats
  8 frilled lizards
  13 kobolds
  2 leopard gecko skeletons
  9 rats
211 creatures vanquished.

Vanquished Creatures (others)
  A spectral weapon (D:9)
1 creature vanquished.

Grand Total: 212 creatures vanquished

Notes
Turn   | Place    | Note
-------+----------+-------------------------------------------
     0 | D:1      | KristoblXynda the Draconian Skald began the quest for the Orb.
     0 | D:1      | Reached XP level 1. HP: 17/17 MP: 3/3
   254 | D:1      | Reached XP level 2. HP: 19/24 MP: 5/5
   902 | D:2      | Reached XP level 3. HP: 29/29 MP: 6/6
  1443 | D:2      | Reached skill level 3 in Long Blades
  1518 | D:2      | Reached XP level 4. HP: 29/36 MP: 7/7
  2360 | D:3      | Noticed Natasha
  2373 | D:3      | Killed Natasha
  2611 | D:3      | Noticed Natasha
  2630 | D:3      | Killed Natasha
  2630 | D:3      | Reached XP level 5. HP: 16/41 MP: 8/8
  2770 | D:3      | Learned a level 3 spell: Regeneration
  2774 | D:3      | Learned a level 3 spell: Spectral Weapon
  3145 | D:3      | Noticed Terence
  3167 | D:3      | Killed Terence
  3332 | D:3      | Noticed Natasha
  3349 | D:3      | Killed Natasha
  4039 | D:4      | Reached skill level 4 in Long Blades
  4399 | D:4      | Reached XP level 6. HP: 45/48 MP: 9/9
  4452 | D:4      | Reached skill level 1 in Necromancy
  4909 | D:4      | Gained mutation: You possess an exceptional clarity of mind. [potion of mutation]
  4909 | D:4      | Gained mutation: Your flesh is cold resistant. (rC+) [potion of mutation]
  4909 | D:4      | Lost mutation: Your flesh is cold resistant. (rC+) [potion of mutation]
  5152 | D:5      | Entered Level 5 of the Dungeon
  5206 | D:5      | Noticed Blork the orc
  5252 | D:5      | Killed Blork the orc
  5501 | D:5      | Your scales start taking on a rich purple colour.
  5501 | D:5      | Reached XP level 7. HP: 55/55 MP: 10/10
  5543 | D:5      | Reached skill level 5 in Long Blades
  6282 | D:5      | Reached XP level 8. HP: 34/61 MP: 11/11
  6285 | D:5      | Reached skill level 5 in Dodging
  6309 | D:5      | Gained mutation: You have sharp fingernails. [mutagenic meat]
  6311 | D:5      | Lost mutation: You have sharp fingernails. [mutagenic meat]
  6312 | D:5      | Gained mutation: You are somewhat resistant to further mutation. [mutagenic meat]
  6490 | D:5      | Found an opulent altar of Gozag.
  6694 | D:6      | Noticed Prince Ribbit
  6715 | D:5      | HP: 1/61 [Prince Ribbit (18)]
  6951 | D:6      | Reached skill level 6 in Long Blades
  6955 | D:6      | Noticed Grinder
  7009 | D:6      | Killed Grinder
  7089 | D:6      | Found a staircase to the Ecumenical Temple.
  7099 | Temple   | Entered the Ecumenical Temple
  7215 | Temple   | Became a worshipper of Qazlal Stormbringer
  7410 | D:6      | Reached skill level 5 in Necromancy
  7475 | D:6      | HP: 1/61 [wight/war axe (9)]
  7818 | D:6      | Found Angear's Assorted Antiques.
  7826 | D:6      | Bought a runed scimitar for 240 gold pieces
  8018 | D:7      | Reached skill level 7 in Long Blades
  8140 | D:7      | Found Erchy's Antique Weapon Shoppe.
  8202 | D:7      | Reached XP level 9. HP: 65/67 MP: 12/12
  8268 | D:7      | Reached skill level 1 in Hexes
  8972 | D:8      | Reached * piety under Qazlal
  9238 | D:8      | Reached skill level 8 in Long Blades
  9428 | D:8      | Identified a scroll of acquirement
  9922 | D:9      | Noticed Psyche
 10049 | D:9      | Reached ** piety under Qazlal
 10064 | D:9      | Reached skill level 1 in Invocations
 10150 | D:9      | Found a staircase to the Orcish Mines.
 10151 | D:9      | Noticed a troll
 10169 | D:9      | Killed a troll
 10187 | D:9      | Reached XP level 10. HP: 73/73 MP: 9/13
 10285 | D:9      | Found a roughly hewn altar of Beogh.
 10306 | D:9      | HP: 3/73 [Psyche/puff of flame (9)]
 10308 | D:9      | Killed from afar by Psyche

Vault maps used:
D:1:      dpeg_arrival_rhombi, minmay_nonomino_d4
D:2:      corexii_hall_statues_i, kennysheep_generic_room_6
D:3:      first_bread, minmay_misc_feat_nine_boxes, uniq_terence, uniq_natasha
D:5:      basic_altar, uniq_blork_the_orc
D:6:      serial_shops, shop, uniq_grinder, uniq_prince_ribbit1
D:7:      serial_shops, shop
D:9:      minmay_orc_entry_temple_small, basic_altar, uniq_psyche
Temple:   dpeg_three_leaves_temple

Skill      XL: |  1  2  3  4  5  6  7  8  9 |
---------------+----------------------------+-----
Charms         | 3 4 |  4.8
Dodging        | 2 3 4 6 7 |  7.8
Long Blades    | 3 4 5 7 8 |  8.8
Necromancy     | 2 3 5 |  5.6
Hexes          | 4 |  4.3
Invocations    | 2 |  2.5
Fighting       | |  2.1
Spellcasting   | |  2.4

Action                   |  1- 3 |  4- 6 |  7- 9 | 10-12 || total
-------------------------+-------+-------+-------+-------++-------
Melee: Falchion          |   127 |   298 |   241 |       ||   666
       Tailslap          |    17 |    28 |    77 |     6 ||   128
       Scimitar          |       |       |   214 |    20 ||   234
 Cast: Regeneration      |       |       |     3 |       ||     3
       Spectral Weapon   |       |       |     2 |       ||     2
 Abil: Breathe Dispellin |       |       |    20 |     2 ||    22
  Use: Potion            |       |    12 |     9 |     2 ||    23
       Scroll            |       |    10 |     7 |       ||    17
 Stab: Sleeping          |       |     1 |     1 |       ||     2
  Eat: Chunk             |     2 |     7 |    17 |     1 ||    27
       Meat ration       |       |     1 |       |       ||     1
       Fruit             |       |     1 |     2 |       ||     3
       Bread ration      |       |       |     2 |       ||     2
       Beef jerky        |       |       |     1 |       ||     1
Armor: Skin              |    57 |   126 |   141 |     6 ||   330
Dodge: Dodged            |    95 |   131 |   346 |    18 ||   590
Block: Other             |       |       |    10 |     3 ||    13
       Rpst.: Falchion   |    33 |    35 |    48 |       ||   116
       Scimitar          |       |       |    69 |     3 ||    72
